Coyotes vs Sabres
(R1)
Created - April 26, 2019 at 23:22
Goals
|
| Coyotes |
1 |
1 |
0 |
2 |
| Sabres |
3 |
0 |
2 |
5 |
|
Shots
|
| Coyotes |
7 |
4 |
14 |
25 |
| Sabres |
12 |
3 |
8 |
23 |
|
1st period
1. Sabres , Zack Kassian 29 (Ilya Kovalchuk 43, Sean Monahan 12) at 3:51 (PP)
2. Coyotes , Nazem Kadri 27 (Zach Parise 39, Josh Gorges 20) at 9:23
3. Sabres , Zack Kassian 30 (Ilya Kovalchuk 44, Sean Monahan 13) at 10:14 (PP)
4. Sabres , Zack Kassian 31 (Evander Kane 51, Michael Kostka 30) at 10:59
Penalties :
Tyler Ennis (Ari) for Hooking (Minor) at 2:31, Tyler Ennis (Ari) for Diving (Minor) at 10:09, Anton Stralman (Ari) for Hooking (Minor) at 15:03
2nd period
5. Coyotes , Marian Gaborik 38 (Tyler Ennis 47, Michael Del Zotto 18) at 6:45 (PP)
Penalties :
Evander Kane (Buf) for Holding (Minor) at 1:09, Matt Martin (Buf) for Goalie Interference (Minor) at 6:04, Michael Frolik (Buf) for Holding (Minor) at 11:31, Matt Martin (Buf) for Hooking (Minor) at 15:02
3rd period
6. Sabres , Zach Bogosian 16 (Sean Monahan 14, Brad Richardson 12) at 3:21 (PP)
7. Sabres , Andrei Loktionov 32 (Michael Frolik 41) at 3:38
Penalties :
Michael Kostka (Buf) for Interference (Minor) at 0:22, Valtteri Filppula (Ari) for Tripping (Minor) at 3:16, Ilya Kovalchuk (Buf) for Tripping (Minor) at 10:29
Goalie Stats
Cam Ward (Ari), 6 saves from 7 shots - (0.857), 16:39 minutes
Maxime Daigneault (Ari), 12 saves from 16 shots - (0.750), L, 29-18-6, 43:21 minutes
Robin Lehner (Buf), 23 saves from 25 shots - (0.920), W, 40-20-3, 60:00 minutes
Players Stats for Coyotes
Player Name G A P +/- PIM S H SB GA TA FO MP PP MP PK MP
------------------------------------------------------------------------------------
Anton Stralman 0 0 0 -2 2 0 3 1 0 2 0/0 25:06 5:43 0:39
Brad Richards 0 0 0 -2 0 3 0 0 1 0 13/27 21:51 5:54 1:06
Brooks Laich 0 0 0 0 0 1 1 0 0 1 2/2 9:52 0:09 0:00
Chad Larose 0 0 0 0 0 2 1 1 0 1 3/5 11:32 0:02 1:58
Chris Stewart 0 0 0 0 0 0 0 0 0 0 0/0 9:48 0:13 0:00
Greg Zanon 0 0 0 0 0 0 0 0 0 0 0/0 15:42 0:00 1:57
Josh Gorges 0 1 1 1 0 1 1 2 1 1 0/0 20:34 4:53 1:57
Kristopher Letang 0 0 0 -2 0 1 0 2 0 1 0/0 25:41 5:43 1:32
Marek Svatos 0 0 0 1 0 2 1 0 0 0 0/1 17:00 4:36 0:00
Marian Gaborik 1 0 1 -2 0 3 1 0 1 0 1/2 20:12 5:51 0:00
Martin Samuelsson 0 0 0 0 0 0 1 0 0 0 0/0 10:48 0:00 1:57
Michael Del Zotto 0 1 1 0 0 1 4 0 0 0 0/0 19:15 4:53 0:10
Nazem Kadri 1 0 1 1 0 3 0 1 0 0 4/11 17:00 4:36 0:00
Ryane Clowe 0 0 0 0 0 0 1 0 0 0 0/0 9:58 0:00 0:17
Thomas Hickey 0 0 0 1 0 1 0 0 0 0 0/0 14:37 0:00 0:43
Tyler Ennis 0 1 1 -2 4 2 3 0 2 0 1/1 20:47 5:51 0:37
Valtteri Filppula 0 0 0 0 2 0 1 0 0 0 0/2 8:41 0:00 0:00
Zach Parise 0 1 1 1 0 5 0 0 0 0 0/1 18:03 4:36 1:03
Players Stats for Sabres
Player Name G A P +/- PIM S H SB GA TA FO MP PP MP PK MP
------------------------------------------------------------------------------------
Andrei Loktionov 1 0 1 1 0 3 0 1 0 0 13/23 20:52 1:18 0:39
Brad Richardson 0 1 1 0 0 0 0 0 0 0 1/1 3:19 0:11 0:00
Brandon Sutter 0 0 0 -1 0 0 1 0 0 0 6/11 16:24 0:00 5:42
Darcy Hordichuk 0 0 0 0 0 0 2 0 0 0 0/0 14:42 0:00 1:45
Darren Reid 0 0 0 0 0 0 0 0 0 0 0/0 5:24 0:00 0:00
Evander Kane 0 1 1 1 2 1 1 0 1 0 0/0 19:14 1:18 4:16
Ilya Kovalchuk 0 2 2 1 2 4 2 1 1 0 0/0 21:02 2:11 0:21
Jared Cowen 0 0 0 2 0 0 3 2 1 0 0/0 24:11 1:43 3:52
Mathew Dumba 0 0 0 0 0 0 0 2 0 1 0/0 23:44 1:43 4:02
Matt Martin 0 0 0 -1 4 0 3 1 0 0 0/0 13:01 0:00 4:07
Michael Frolik 0 1 1 1 2 4 0 1 1 1 0/1 19:08 1:12 0:00
Michael Kostka 0 1 1 2 2 0 1 4 0 2 0/0 24:01 1:46 5:22
Randy Jones 0 0 0 -1 0 0 1 1 1 0 0/0 11:25 0:00 0:24
Rob Scuderi 0 0 0 -1 0 0 1 1 0 0 0/0 12:33 0:00 0:58
Sean Monahan 0 3 3 1 0 1 1 0 0 0 7/14 15:55 2:11 0:00
Vincent Lecavalier 0 0 0 -1 0 2 1 0 0 1 1/2 13:30 0:00 4:22
Zach Bogosian 1 0 1 0 0 3 1 0 1 0 0/0 24:04 1:46 6:34
Zack Kassian 3 0 3 1 0 5 1 0 0 0 0/0 6:48 2:06 0:00
3 Stars
1 - Zack Kassian (Buf)
2 - Sean Monahan (Buf)
3 - Andrei Loktionov (Buf)
Power Play
Coyotes - 1 on 7 Attempt(s) - 14.29%
Sabres - 3 on 3 Attempt(s) - 100.00%
Penalty Kill
Coyotes - 0 on 3 Attempt(s) - 0.00%
- Score 0 goal in Penalty Kill
Sabres - 6 on 7 Attempt(s) - 85.71%
- Score 0 goal in Penalty Kill
Team Stat
Coyotes - Hits : 18 - Faceoff Wins : 24 - Blocked Shots : 7 - Penalty Minutes : 8
Sabres - Hits : 19 - Faceoff Wins : 28 - Blocked Shots : 14 - Penalty Minutes : 12
Official
Referees : Unknown
Linesman : Unknown
Game Notes
Zack Kassian has scored a Hat Trick!
Zack Kassian is injured at 0:29 of 2nd period (Back Spasms)
11:22 of 2nd period - Penalty Shot by Zach Bogosian for Sabres - Stopped by Maxime Daigneault
Cam Ward enters game at 3:21 of 3rd period
Finance
Level 1 -- Attendance: 5757 (95.95%) -- Ticket Income $512,373
Level 2 -- Attendance: 5000 (100.00%) -- Ticket Income $275,000
Level 3 -- Attendance: 2000 (100.00%) -- Ticket Income $70,000
Level 4 -- Attendance: 3268 (81.70%) -- Ticket Income $88,236
Luxury Box -- Attendance: 933 (93.30%) -- Ticket Income $146,481
Game was played at the Duff Garden.
Total Attendance: 16958 (94.21%)
Total Ticket Income: $1,092,090
Other Income: $163,814
Total Income: $1,255,904
Coyotes
5 vs 5 Forward
Center Left Wing Right Wing Time % Phy DF OF
1 Brad Richards Tyler Ennis Marian Gaborik 40 0 2 3
2 Nazem Kadri Zach Parise Marek Svatos 30 0 2 3
3 Brooks Laich Ryane Clowe Chad Larose 16 0 2 3
4 Valtteri Filppula Martin Samuelsson Chris Stewart 14 0 2 3
5 vs 5 Defense
Defense Defense Time % Phy DF OF
1 Kristopher Letang Anton Stralman 40 0 3 2
2 Josh Gorges Thomas Hickey 32 0 3 2
3 Michael Del Zotto Greg Zanon 28 0 3 2
4 Kristopher Letang Anton Stralman 0 1 2 2
PowerPlay Forward
Center Left Wing Right Wing Time % Phy DF OF
1 Brad Richards Tyler Ennis Marian Gaborik 60 0 1 4
2 Nazem Kadri Zach Parise Marek Svatos 40 0 1 4
PowerPlay Defense
Defense Defense Time % Phy DF OF
1 Kristopher Letang Anton Stralman 60 0 2 3
2 Josh Gorges Michael Del Zotto 40 0 2 3
Penalty Kill 4 Players Forward
Center Wing Time % Phy DF OF
1 Chad Larose Martin Samuelsson 60 1 3 1
2 Brad Richards Zach Parise 40 1 3 1
Penalty Kill 4 Players Defense
Defense Defense Time % Phy DF OF
1 Josh Gorges Greg Zanon 60 1 4 0
2 Kristopher Letang Anton Stralman 40 1 4 0
Penalty Kill - 3 Players Forward
Forward Time % Phy DF OF
1 Marian Gaborik 60 1 4 0
2 Brad Richards 40 1 4 0
Penalty Kill - 3 Players Defense
Defense Defense Time % Phy DF OF
1 Kristopher Letang Anton Stralman 60 1 4 0
2 Josh Gorges Greg Zanon 40 1 4 0
4 vs 4 Forward
Center Wing Time % Phy DF OF
1 Brad Richards Marian Gaborik 60 0 2 3
2 Nazem Kadri Zach Parise 40 0 2 3
4 vs 4 Defense
Defense Defense Time % Phy DF OF
1 Kristopher Letang Anton Stralman 60 1 2 2
2 Josh Gorges Thomas Hickey 40 1 2 2
Last Minutes Offensive
Center Left Wing Right Wing Defense Defense
Brad Richards Tyler Ennis Marian Gaborik Kristopher Letang Anton Stralman
Last Minutes Defensive
Center Left Wing Right Wing Defense Defense
Brad Richards Zach Parise Chad Larose Greg Zanon Anton Stralman
Goaltenders
Starting : Maxime Daigneault
Backup : Cam Ward
Extra Forwards
Normal : Chris Stewart, Brooks Laich, Chad Larose - PP : Chris Stewart, Brooks Laich - PK : Tyler Ennis
Extra Defensemen
Normal : Michael Del Zotto, Thomas Hickey, Josh Gorges - PP : Thomas Hickey - PK : Thomas Hickey, Michael Del Zotto
Penalty Shots
Tyler Ennis, Marian Gaborik, Zach Parise, Brad Richards, Brooks Laich
Scratches
None
Sabres
5 vs 5 Forward
Center Left Wing Right Wing Time % Phy DF OF
1 Andrei Loktionov Ilya Kovalchuk Michael Frolik 40 0 1 4
2 Sean Monahan Evander Kane Zack Kassian 30 0 1 4
3 Vincent Lecavalier Matt Martin Darcy Hordichuk 19 1 2 2
4 Brandon Sutter Darcy Hordichuk Darren Reid 11 0 2 3
5 vs 5 Defense
Defense Defense Time % Phy DF OF
1 Michael Kostka Jared Cowen 40 1 3 1
2 Mathew Dumba Zach Bogosian 32 1 2 2
3 Rob Scuderi Randy Jones 20 2 3 0
4 Mathew Dumba Zach Bogosian 8 1 2 2
PowerPlay Forward
Center Left Wing Right Wing Time % Phy DF OF
1 Sean Monahan Ilya Kovalchuk Zack Kassian 53 0 0 5
2 Andrei Loktionov Evander Kane Michael Frolik 47 1 0 4
PowerPlay Defense
Defense Defense Time % Phy DF OF
1 Zach Bogosian Michael Kostka 53 0 1 4
2 Jared Cowen Mathew Dumba 47 1 1 3
Penalty Kill 4 Players Forward
Center Wing Time % Phy DF OF
1 Brandon Sutter Matt Martin 55 1 4 0
2 Vincent Lecavalier Zack Kassian 45 1 4 0
Penalty Kill 4 Players Defense
Defense Defense Time % Phy DF OF
1 Michael Kostka Zach Bogosian 55 1 4 0
2 Mathew Dumba Jared Cowen 45 1 4 0
Penalty Kill - 3 Players Forward
Forward Time % Phy DF OF
1 Brandon Sutter 60 0 5 0
2 Darcy Hordichuk 40 0 5 0
Penalty Kill - 3 Players Defense
Defense Defense Time % Phy DF OF
1 Rob Scuderi Jared Cowen 60 1 4 0
2 Mathew Dumba Zach Bogosian 40 1 4 0
4 vs 4 Forward
Center Wing Time % Phy DF OF
1 Vincent Lecavalier Evander Kane 50 0 2 3
2 Andrei Loktionov Michael Frolik 50 0 1 4
4 vs 4 Defense
Defense Defense Time % Phy DF OF
1 Michael Kostka Randy Jones 50 0 4 1
2 Mathew Dumba Jared Cowen 50 0 4 1
Last Minutes Offensive
Center Left Wing Right Wing Defense Defense
Andrei Loktionov Evander Kane Michael Frolik Zach Bogosian Jared Cowen
Last Minutes Defensive
Center Left Wing Right Wing Defense Defense
Brandon Sutter Evander Kane Michael Frolik Zach Bogosian Jared Cowen
Goaltenders
Starting : Robin Lehner
Backup : Jonas Hiller
Extra Forwards
Normal : Brandon Sutter, Andrei Loktionov, Sean Monahan - PP : Ilya Kovalchuk, Sean Monahan - PK : Brandon Sutter
Extra Defensemen
Normal : Zach Bogosian, Randy Jones, Mathew Dumba - PP : Zach Bogosian - PK : Rob Scuderi, Randy Jones
Penalty Shots
Evander Kane, Michael Frolik, Vincent Lecavalier, Sean Monahan, Zack Kassian
Scratches
Jakub Kindl (Healthy), Josef Vasicek (Healthy), Scottie Upshall (Healthy), Sergei Samsonov (Healthy)
% Time on Ice - Coyotes
Lines # - Real PCT - Wanted PCT - Time Play
Normal Forward
1 - 35% - 40% - 15:55
2 - 27% - 30% - 12:24
3 - 19% - 16% - 8:54
4 - 19% - 14% - 8:42
Normal Defense
1 - 39% - 40% - 17:49
2 - 31% - 32% - 14:21
3 - 30% - 28% - 13:45
4 - 0% - 0% - 0:00
PP Forward
1 - 57% - 60% - 6:00
2 - 43% - 40% - 4:36
PP Defense
1 - 54% - 60% - 5:43
2 - 46% - 40% - 4:53
PK Forward
1 - 70% - 60% - 2:26
2 - 30% - 40% - 1:03
PK Defense
1 - 56% - 60% - 1:57
2 - 44% - 40% - 1:32
PK3 Forward
1 - 0% - 60%
2 - 0% - 40%
PK3 Defense
1 - 0% - 60%
2 - 0% - 40%
44 Forward
1 - 0% - 60%
2 - 0% - 40%
44 Defense
1 - 0% - 60%
2 - 0% - 40%
Last Minute Offensive - 0:00
Last Minute Defensive - 0:00
Total
Forward - 60:00
Defense - 60:00
|
% Time on Ice - Sabres
Lines # - Real PCT - Wanted PCT - Time Play
Normal Forward
1 - 40% - 40% - 18:19
2 - 30% - 30% - 13:56
3 - 18% - 19% - 8:16
4 - 12% - 11% - 5:24
Normal Defense
1 - 38% - 40% - 17:28
2 - 35% - 32% - 16:05
3 - 24% - 20% - 11:01
4 - 3% - 8% - 1:21
PP Forward
1 - 63% - 53% - 2:11
2 - 37% - 47% - 1:18
PP Defense
1 - 51% - 53% - 1:46
2 - 49% - 47% - 1:43
PK Forward
1 - 58% - 55% - 6:10
2 - 42% - 45% - 4:26
PK Defense
1 - 64% - 55% - 6:44
2 - 36% - 45% - 3:52
PK3 Forward
1 - 0% - 60%
2 - 0% - 40%
PK3 Defense
1 - 0% - 60%
2 - 0% - 40%
44 Forward
1 - 0% - 50%
2 - 0% - 50%
44 Defense
1 - 0% - 50%
2 - 0% - 50%
Last Minute Offensive - 0:00
Last Minute Defensive - 0:00
Total
Forward - 60:00
Defense - 60:00
|
Play-by-Play
1st period
0:01 of 1st period - Brad Richards wins face-off versus Andrei Loktionov in neutral zone.
0:08 of 1st period - Icing by Ilya Kovalchuk.
0:09 of 1st period - Andrei Loktionov wins face-off versus Brad Richards in Sabres zone.
0:18 of 1st period - Off-side.
0:19 of 1st period - Nazem Kadri wins face-off versus Sean Monahan in neutral zone.
0:50 of 1st period - Snap shot by Brooks Laich.
0:50 of 1st period - Shot Misses the Net.
0:52 of 1st period - Snap shot by Chad Larose.
0:52 of 1st period - Stopped by Robin Lehner without a rebound.
0:53 of 1st period - Brooks Laich wins face-off versus Brandon Sutter in Sabres zone.
1:43 of 1st period - Slapshot by Chris Stewart.
1:43 of 1st period - Shot Blocked by Michael Kostka.
1:50 of 1st period - Slapshot by Greg Zanon.
1:50 of 1st period - Deflect By Chris Stewart.
1:50 of 1st period - Shot Misses the Net.
1:50 of 1st period - Puck is out of play.
1:51 of 1st period - Vincent Lecavalier wins face-off versus Nazem Kadri in Sabres zone.
1:56 of 1st period - Slapshot by Zach Bogosian.
1:56 of 1st period - Shot Blocked by Kristopher Letang.
2:06 of 1st period - Slapshot by Nazem Kadri.
2:06 of 1st period - Shot Misses the Net.
2:08 of 1st period - Slapshot by Anton Stralman.
2:08 of 1st period - Deflect By Marek Svatos.
2:08 of 1st period - Stopped by Robin Lehner with a rebound.
2:15 of 1st period - Icing by Zach Bogosian.
2:16 of 1st period - Brad Richards wins face-off versus Vincent Lecavalier in Sabres zone.
2:31 of 1st period - Minor Penalty to Tyler Ennis for Hooking.
2:32 of 1st period - Chad Larose wins face-off versus Sean Monahan in Coyotes zone.
3:12 of 1st period - Slapshot by Evander Kane.
3:12 of 1st period - Deflect By Michael Frolik.
3:12 of 1st period - Shot Misses the Net.
3:12 of 1st period - Puck is out of play.
3:13 of 1st period - Chad Larose wins face-off versus Sean Monahan in Coyotes zone.
3:51 of 1st period - Slapshot by Zack Kassian.
3:51 of 1st period - Goal by Zack Kassian - Coyotes : 0 - Sabres : 1.
3:52 of 1st period - Brad Richards wins face-off versus Andrei Loktionov in neutral zone.
3:57 of 1st period - Wrist shot by Michael Frolik.
3:57 of 1st period - Shot Misses the Net.
3:59 of 1st period - Snap shot by Andrei Loktionov.
3:59 of 1st period - Stopped by Maxime Daigneault without a rebound.
4:00 of 1st period - Tyler Ennis wins face-off versus Andrei Loktionov in Coyotes zone.
4:14 of 1st period - Kristopher Letang is hit by Jared Cowen and loses puck.
4:45 of 1st period - Brandon Sutter is hit by Anton Stralman and loses puck.
5:24 of 1st period - Wrist shot by Zack Kassian.
5:24 of 1st period - Stopped by Maxime Daigneault without a rebound.
5:25 of 1st period - Sean Monahan wins face-off versus Brad Richards in Coyotes zone.
5:26 of 1st period - Slapshot by Evander Kane.
5:26 of 1st period - Stopped by Maxime Daigneault with a rebound.
5:28 of 1st period - Wrist shot by Zack Kassian.
5:28 of 1st period - Stopped by Maxime Daigneault with a rebound.
7:16 of 1st period - Zach Bogosian is hit by Michael Del Zotto and loses puck.
9:23 of 1st period - Wrist shot by Zach Parise.
9:23 of 1st period - Deflect By Nazem Kadri.
9:23 of 1st period - Goal by Nazem Kadri - Coyotes : 1 - Sabres : 1.
9:24 of 1st period - Andrei Loktionov wins face-off versus Brad Richards in neutral zone.
9:32 of 1st period - Icing by Anton Stralman.
9:33 of 1st period - Brad Richards wins face-off versus Andrei Loktionov in Coyotes zone.
9:54 of 1st period - Slapshot by Michael Frolik.
9:54 of 1st period - Stopped by Maxime Daigneault with a rebound.
9:56 of 1st period - Backhand shot by Michael Kostka.
9:56 of 1st period - Shot Misses the Net.
9:58 of 1st period - Slapshot by Michael Kostka.
9:58 of 1st period - Shot Misses the Net.
10:09 of 1st period - Minor Penalty to Tyler Ennis for Diving.
10:10 of 1st period - Sean Monahan wins face-off versus Chad Larose in Coyotes zone.
10:14 of 1st period - Snap shot by Zack Kassian.
10:14 of 1st period - Goal by Zack Kassian - Coyotes : 1 - Sabres : 2.
10:15 of 1st period - Sean Monahan wins face-off versus Nazem Kadri in neutral zone.
10:47 of 1st period - Backhand shot by Tyler Ennis.
10:47 of 1st period - Shot Blocked by Michael Kostka.
10:49 of 1st period - Wrist shot by Tyler Ennis.
10:49 of 1st period - Deflect By Marian Gaborik.
10:49 of 1st period - Shot Blocked by Michael Kostka.
10:49 of 1st period - Puck is out of play.
10:50 of 1st period - Sean Monahan wins face-off versus Brad Richards in Sabres zone.
10:59 of 1st period - Wrist shot by Zack Kassian.
10:59 of 1st period - Goal by Zack Kassian - Coyotes : 1 - Sabres : 3.
11:00 of 1st period - Andrei Loktionov wins face-off versus Nazem Kadri in neutral zone.
11:17 of 1st period - Snap shot by Michael Frolik.
11:17 of 1st period - Stopped by Maxime Daigneault with a rebound.
11:27 of 1st period - Anton Stralman is hit by Zack Kassian and loses puck.
11:34 of 1st period - Michael Kostka is hit by Tyler Ennis and loses puck.
11:53 of 1st period - Darcy Hordichuk is hit by Michael Del Zotto and loses puck.
12:10 of 1st period - Wrist shot by Brooks Laich.
12:10 of 1st period - Stopped by Robin Lehner with a rebound.
12:12 of 1st period - Snap shot by Greg Zanon.
12:12 of 1st period - Shot Blocked by Rob Scuderi.
12:14 of 1st period - Wrist shot by Chad Larose.
12:14 of 1st period - Stopped by Robin Lehner without a rebound.
12:15 of 1st period - Sean Monahan wins face-off versus Nazem Kadri in Sabres zone.
12:53 of 1st period - Snap shot by Ilya Kovalchuk.
12:53 of 1st period - Shot Blocked by Josh Gorges.
13:05 of 1st period - Brooks Laich is hit by Matt Martin and loses puck.
13:16 of 1st period - Snap shot by Vincent Lecavalier.
13:16 of 1st period - Stopped by Maxime Daigneault with a rebound.
14:08 of 1st period - Snap shot by Nazem Kadri.
14:08 of 1st period - Stopped by Robin Lehner without a rebound.
14:09 of 1st period - Brad Richards wins face-off versus Brandon Sutter in Sabres zone.
14:42 of 1st period - Snap shot by Ilya Kovalchuk.
14:42 of 1st period - Stopped by Maxime Daigneault with a rebound.
14:44 of 1st period - Snap shot by Michael Frolik.
14:44 of 1st period - Stopped by Maxime Daigneault without a rebound.
14:45 of 1st period - Andrei Loktionov wins face-off versus Valtteri Filppula in Coyotes zone.
15:03 of 1st period - Minor Penalty to Anton Stralman for Hooking.
15:04 of 1st period - Chad Larose wins face-off versus Sean Monahan in Coyotes zone.
16:14 of 1st period - Snap shot by Brad Richards.
16:14 of 1st period - Deflect By Zach Parise.
16:14 of 1st period - Stopped by Robin Lehner with a rebound.
17:03 of 1st period - Penalty to Anton Stralman is over, Anton Stralman is back on ice.
17:49 of 1st period - Darcy Hordichuk is hit by Josh Gorges and loses puck.
18:04 of 1st period - Jared Cowen is hit by Marek Svatos and loses puck.
19:11 of 1st period - Snap shot by Tyler Ennis.
19:11 of 1st period - Shot Blocked by Randy Jones.
Goals for this period are 1 for Coyotes vs 3 for Sabres.
Shots for this period are 7 for Coyotes vs 12 for Sabres.
2nd period
0:01 of 2nd period - Brad Richards wins face-off versus Andrei Loktionov in neutral zone.
0:28 of 2nd period - Zack Kassian is hit by Ryane Clowe and loses puck.
0:29 of 2nd period - Zack Kassian from Sabres is injured at 0:29 of 2nd period (Back Spasms).
0:30 of 2nd period - Nazem Kadri wins face-off versus Andrei Loktionov in Sabres zone.
0:37 of 2nd period - Wrist shot by Marek Svatos.
0:37 of 2nd period - Shot Blocked by Jared Cowen.
0:39 of 2nd period - Wrist shot by Zach Parise.
0:39 of 2nd period - Shot Misses the Net.
1:09 of 2nd period - Minor Penalty to Evander Kane for Holding.
1:10 of 2nd period - Brad Richards wins face-off versus Brandon Sutter in Sabres zone.
3:09 of 2nd period - Penalty to Evander Kane is over, Evander Kane is back on ice.
4:01 of 2nd period - Greg Zanon is hit by Zach Bogosian and loses puck.
4:20 of 2nd period - Jared Cowen is hit by Valtteri Filppula and loses puck.
4:29 of 2nd period - Chris Stewart is hit by Rob Scuderi and loses puck.
4:45 of 2nd period - Josh Gorges is hit by Randy Jones and loses puck.
5:01 of 2nd period - Zach Parise is hit by Jared Cowen and loses puck.
5:47 of 2nd period - Slapshot by Zach Bogosian.
5:47 of 2nd period - Stopped by Maxime Daigneault with a rebound.
6:04 of 2nd period - Minor Penalty to Matt Martin for Goalie Interference.
6:05 of 2nd period - Brandon Sutter wins face-off versus Brad Richards in Sabres zone.
6:09 of 2nd period - Marian Gaborik is hit by Michael Kostka and loses puck.
6:45 of 2nd period - Snap shot by Marian Gaborik.
6:45 of 2nd period - Goal by Marian Gaborik - Coyotes : 2 - Sabres : 3.
6:46 of 2nd period - Andrei Loktionov wins face-off versus Marek Svatos in neutral zone.
6:48 of 2nd period - Off-side.
6:49 of 2nd period - Nazem Kadri wins face-off versus Andrei Loktionov in neutral zone.
6:54 of 2nd period - Slapshot by Zach Parise.
6:54 of 2nd period - Stopped by Robin Lehner with a rebound.
7:00 of 2nd period - Snap shot by Ilya Kovalchuk.
7:00 of 2nd period - Stopped by Maxime Daigneault without a rebound.
7:01 of 2nd period - Andrei Loktionov wins face-off versus Brad Richards in Coyotes zone.
7:08 of 2nd period - Wrist shot by Michael Frolik.
7:08 of 2nd period - Shot Misses the Net.
7:10 of 2nd period - Wrist shot by Michael Frolik.
7:10 of 2nd period - Shot Misses the Net.
7:33 of 2nd period - Zach Parise is hit by Brandon Sutter and loses puck.
8:01 of 2nd period - Michael Del Zotto is hit by Vincent Lecavalier.
8:19 of 2nd period - Michael Frolik is hit by Tyler Ennis and loses puck.
9:23 of 2nd period - Slapshot by Josh Gorges.
9:23 of 2nd period - Deflect By Michael Frolik.
9:23 of 2nd period - Stopped by Robin Lehner without a rebound.
9:24 of 2nd period - Andrei Loktionov wins face-off versus Brad Richards in Sabres zone.
9:33 of 2nd period - Wrist shot by Marian Gaborik.
9:33 of 2nd period - Shot Misses the Net.
9:45 of 2nd period - Wrist shot by Andrei Loktionov.
9:45 of 2nd period - Deflect By Michael Frolik.
9:45 of 2nd period - Stopped by Maxime Daigneault with a rebound.
10:21 of 2nd period - Slapshot by Michael Del Zotto.
10:21 of 2nd period - Shot Blocked by Jared Cowen.
10:35 of 2nd period - Darcy Hordichuk is hit by Michael Del Zotto and loses puck.
10:40 of 2nd period - Snap shot by Brad Richards.
10:40 of 2nd period - Shot Misses the Net.
10:42 of 2nd period - Snap shot by Marian Gaborik.
10:42 of 2nd period - Stopped by Robin Lehner without a rebound.
10:43 of 2nd period - Sean Monahan wins face-off versus Brad Richards in Sabres zone.
10:48 of 2nd period - Slapshot by Sean Monahan.
10:48 of 2nd period - Shot Misses the Net.
10:56 of 2nd period - Snap shot by Tyler Ennis.
10:56 of 2nd period - Shot Misses the Net.
10:58 of 2nd period - Wrist shot by Tyler Ennis.
10:58 of 2nd period - Shot Misses the Net.
11:00 of 2nd period - Snap shot by Thomas Hickey.
11:00 of 2nd period - Shot Misses the Net.
11:22 of 2nd period - Penalty Shot by Zach Bogosian for Sabres.
11:22 of 2nd period - Snap shot by Zach Bogosian.
11:22 of 2nd period - Stopped by Maxime Daigneault.
11:23 of 2nd period - Brad Richards wins face-off versus Michael Frolik in Sabres zone.
11:31 of 2nd period - Minor Penalty to Michael Frolik for Holding.
11:32 of 2nd period - Brandon Sutter wins face-off versus Marian Gaborik in Sabres zone.
13:31 of 2nd period - Penalty to Michael Frolik is over, Michael Frolik is back on ice.
13:44 of 2nd period - Wrist shot by Chad Larose.
13:44 of 2nd period - Shot Blocked by Andrei Loktionov.
14:33 of 2nd period - Ilya Kovalchuk is hit by Marian Gaborik and loses puck.
14:46 of 2nd period - Marek Svatos is hit by Evander Kane.
15:02 of 2nd period - Minor Penalty to Matt Martin for Hooking.
15:03 of 2nd period - Brandon Sutter wins face-off versus Brad Richards in Sabres zone.
16:41 of 2nd period - Zach Bogosian is hit by Anton Stralman and loses puck.
17:02 of 2nd period - Penalty to Matt Martin is over, Matt Martin is back on ice.
17:14 of 2nd period - Michael Kostka is hit by Chad Larose and loses puck.
17:32 of 2nd period - Matt Martin is hit by Martin Samuelsson and loses puck.
18:51 of 2nd period - Anton Stralman is hit by Sean Monahan and loses puck.
Goals for this period are 1 for Coyotes vs 0 for Sabres.
Shots for this period are 4 for Coyotes vs 3 for Sabres.
3rd period
0:01 of 3rd period - Andrei Loktionov wins face-off versus Brad Richards in neutral zone.
0:12 of 3rd period - Snap shot by Tyler Ennis.
0:12 of 3rd period - Shot Misses the Net.
0:14 of 3rd period - Slapshot by Brad Richards.
0:14 of 3rd period - Stopped by Robin Lehner with a rebound.
0:16 of 3rd period - Snap shot by Marian Gaborik.
0:16 of 3rd period - Shot Blocked by Michael Frolik.
0:22 of 3rd period - Minor Penalty to Michael Kostka for Interference.
0:23 of 3rd period - Brad Richards wins face-off versus Brandon Sutter in Sabres zone.
2:15 of 3rd period - Michael Del Zotto is hit by Matt Martin and loses puck.
2:22 of 3rd period - Penalty to Michael Kostka is over, Michael Kostka is back on ice.
3:02 of 3rd period - Snap shot by Darcy Hordichuk.
3:02 of 3rd period - Shot Misses the Net.
3:05 of 3rd period - Icing by Valtteri Filppula.
3:06 of 3rd period - Brandon Sutter wins face-off versus Valtteri Filppula in Coyotes zone.
3:16 of 3rd period - Minor Penalty to Valtteri Filppula for Tripping.
3:17 of 3rd period - Brad Richardson wins face-off versus Chad Larose in Coyotes zone.
3:17 of 3rd period - Slapshot by Zach Bogosian.
3:17 of 3rd period - Shot Misses the Net.
3:21 of 3rd period - Slapshot by Zach Bogosian.
3:21 of 3rd period - Goal by Zach Bogosian - Coyotes : 2 - Sabres : 4.
3:21 of 3rd period - Cam Ward enters game.
3:22 of 3rd period - Brad Richards wins face-off versus Andrei Loktionov in neutral zone.
3:31 of 3rd period - Brad Richards is hit by Ilya Kovalchuk and loses puck.
3:38 of 3rd period - Snap shot by Andrei Loktionov.
3:38 of 3rd period - Goal by Andrei Loktionov - Coyotes : 2 - Sabres : 5.
3:39 of 3rd period - Andrei Loktionov wins face-off versus Brad Richards in neutral zone.
3:42 of 3rd period - Tyler Ennis is hit by Ilya Kovalchuk and loses puck.
4:11 of 3rd period - Snap shot by Evander Kane.
4:11 of 3rd period - Shot Blocked by Kristopher Letang.
4:13 of 3rd period - Backhand shot by Mathew Dumba.
4:13 of 3rd period - Shot Misses the Net.
4:15 of 3rd period - Wrist shot by Evander Kane.
4:15 of 3rd period - Shot Misses the Net.
4:17 of 3rd period - Wrist shot by Evander Kane.
4:17 of 3rd period - Shot Blocked by Anton Stralman.
4:19 of 3rd period - Snap shot by Zach Bogosian.
4:19 of 3rd period - Shot Misses the Net.
4:21 of 3rd period - Slapshot by Zach Bogosian.
4:21 of 3rd period - Deflect By Nazem Kadri.
4:21 of 3rd period - Stopped by Cam Ward with a rebound.
5:10 of 3rd period - Icing by Andrei Loktionov.
5:11 of 3rd period - Marian Gaborik wins face-off versus Andrei Loktionov in Sabres zone.
5:12 of 3rd period - Snap shot by Tyler Ennis.
5:12 of 3rd period - Stopped by Robin Lehner without a rebound.
5:13 of 3rd period - Brad Richards wins face-off versus Sean Monahan in Sabres zone.
5:14 of 3rd period - Snap shot by Marian Gaborik.
5:14 of 3rd period - Stopped by Robin Lehner with a rebound.
5:39 of 3rd period - Thomas Hickey is hit by Jared Cowen and loses puck.
6:06 of 3rd period - Michael Frolik is hit by Anton Stralman and loses puck.
7:29 of 3rd period - Rob Scuderi is hit by Michael Del Zotto and loses puck.
8:11 of 3rd period - Jared Cowen is hit by Tyler Ennis and loses puck.
8:28 of 3rd period - Wrist shot by Marek Svatos.
8:28 of 3rd period - Stopped by Robin Lehner without a rebound.
8:29 of 3rd period - Nazem Kadri wins face-off versus Sean Monahan in Sabres zone.
8:30 of 3rd period - Snap shot by Marek Svatos.
8:30 of 3rd period - Shot Misses the Net.
8:40 of 3rd period - Wrist shot by Sean Monahan.
8:40 of 3rd period - Stopped by Cam Ward with a rebound.
8:42 of 3rd period - Slapshot by Rob Scuderi.
8:42 of 3rd period - Shot Blocked by Nazem Kadri.
9:22 of 3rd period - Slapshot by Tyler Ennis.
9:22 of 3rd period - Shot Misses the Net.
9:24 of 3rd period - Slapshot by Thomas Hickey.
9:24 of 3rd period - Stopped by Robin Lehner with a rebound.
9:26 of 3rd period - Snap shot by Marian Gaborik.
9:26 of 3rd period - Deflect By Brad Richards.
9:26 of 3rd period - Shot Blocked by Matt Martin.
9:26 of 3rd period - Puck is out of play.
9:27 of 3rd period - Andrei Loktionov wins face-off versus Brad Richards in Sabres zone.
9:51 of 3rd period - Icing by Kristopher Letang.
9:52 of 3rd period - Sean Monahan wins face-off versus Brad Richards in Coyotes zone.
10:06 of 3rd period - Snap shot by Tyler Ennis.
10:06 of 3rd period - Shot Misses the Net.
10:14 of 3rd period - Snap shot by Tyler Ennis.
10:14 of 3rd period - Stopped by Robin Lehner without a rebound.
10:15 of 3rd period - Andrei Loktionov wins face-off versus Zach Parise in Sabres zone.
10:26 of 3rd period - Wrist shot by Zach Parise.
10:26 of 3rd period - Stopped by Robin Lehner without a rebound.
10:27 of 3rd period - Andrei Loktionov wins face-off versus Nazem Kadri in Sabres zone.
10:29 of 3rd period - Minor Penalty to Ilya Kovalchuk for Tripping.
10:30 of 3rd period - Brandon Sutter wins face-off versus Brad Richards in Sabres zone.
10:40 of 3rd period - Wrist shot by Marian Gaborik.
10:40 of 3rd period - Shot Misses the Net.
10:42 of 3rd period - Slapshot by Kristopher Letang.
10:42 of 3rd period - Stopped by Robin Lehner with a rebound.
11:04 of 3rd period - Wrist shot by Nazem Kadri.
11:04 of 3rd period - Stopped by Robin Lehner without a rebound.
11:05 of 3rd period - Brad Richards wins face-off versus Brandon Sutter in Sabres zone.
11:18 of 3rd period - Snap shot by Brad Richards.
11:18 of 3rd period - Stopped by Robin Lehner with a rebound.
11:20 of 3rd period - Wrist shot by Brad Richards.
11:20 of 3rd period - Stopped by Robin Lehner with a rebound.
11:22 of 3rd period - Snap shot by Marian Gaborik.
11:22 of 3rd period - Shot Misses the Net.
12:29 of 3rd period - Penalty to Ilya Kovalchuk is over, Ilya Kovalchuk is back on ice.
12:38 of 3rd period - Wrist shot by Evander Kane.
12:38 of 3rd period - Shot Blocked by Chad Larose.
12:40 of 3rd period - Wrist shot by Ilya Kovalchuk.
12:40 of 3rd period - Shot Misses the Net.
12:42 of 3rd period - Snap shot by Ilya Kovalchuk.
12:42 of 3rd period - Stopped by Cam Ward with a rebound.
13:00 of 3rd period - Wrist shot by Ilya Kovalchuk.
13:00 of 3rd period - Stopped by Cam Ward with a rebound.
13:44 of 3rd period - Snap shot by Andrei Loktionov.
13:44 of 3rd period - Stopped by Cam Ward without a rebound.
13:45 of 3rd period - Brooks Laich wins face-off versus Andrei Loktionov in Coyotes zone.
14:28 of 3rd period - Icing by Rob Scuderi.
14:29 of 3rd period - Brandon Sutter wins face-off versus Nazem Kadri in Sabres zone.
14:36 of 3rd period - Zach Parise is hit by Darcy Hordichuk and loses puck.
15:18 of 3rd period - Greg Zanon is hit by Matt Martin and loses puck.
15:33 of 3rd period - Slapshot by Michael Del Zotto.
15:33 of 3rd period - Stopped by Robin Lehner with a rebound.
15:39 of 3rd period - Greg Zanon is hit by Darcy Hordichuk.
16:01 of 3rd period - Wrist shot by Marian Gaborik.
16:01 of 3rd period - Shot Misses the Net.
16:30 of 3rd period - Icing by Michael Frolik.
16:31 of 3rd period - Andrei Loktionov wins face-off versus Nazem Kadri in Sabres zone.
17:14 of 3rd period - Snap shot by Zach Parise.
17:14 of 3rd period - Stopped by Robin Lehner with a rebound.
17:16 of 3rd period - Backhand shot by Anton Stralman.
17:16 of 3rd period - Shot Blocked by Ilya Kovalchuk.
17:18 of 3rd period - Wrist shot by Kristopher Letang.
17:18 of 3rd period - Shot Blocked by Mathew Dumba.
17:20 of 3rd period - Wrist shot by Kristopher Letang.
17:20 of 3rd period - Shot Blocked by Mathew Dumba.
17:36 of 3rd period - Wrist shot by Marek Svatos.
17:36 of 3rd period - Shot Misses the Net.
17:38 of 3rd period - Wrist shot by Nazem Kadri.
17:38 of 3rd period - Shot Misses the Net.
17:40 of 3rd period - Wrist shot by Zach Parise.
17:40 of 3rd period - Stopped by Robin Lehner without a rebound.
17:41 of 3rd period - Brad Richards wins face-off versus Sean Monahan in Sabres zone.
17:50 of 3rd period - Wrist shot by Marian Gaborik.
17:50 of 3rd period - Shot Misses the Net.
18:08 of 3rd period - Matt Martin is hit by Brooks Laich and loses puck.
18:15 of 3rd period - Slapshot by Rob Scuderi.
18:15 of 3rd period - Shot Blocked by Josh Gorges.
18:17 of 3rd period - Snap shot by Randy Jones.
18:17 of 3rd period - Deflect By Vincent Lecavalier.
18:17 of 3rd period - Stopped by Cam Ward with a rebound.
19:30 of 3rd period - Slapshot by Anton Stralman.
19:30 of 3rd period - Shot Blocked by Michael Kostka.
Goals for this period are 0 for Coyotes vs 2 for Sabres.
Shots for this period are 14 for Coyotes vs 8 for Sabres.
Back to the Top